 Dungeon Crawl Stone Soup version 0.27-a0-1202-ge72e49191c (webtiles) character file.

Game seed: 9301081751001787419

121 Kinoniko the Skirmisher (level 5, -3/57 HPs)
             Began as an Ogre Berserker on June 3, 2021.
             Was a Believer of Trog.
             Slain by a goblin
             ... wielding a +0 dagger
             ... led by Robin
              (5 damage)
             ... on level 3 of the Dungeon.
             The game lasted 00:02:31 (2884 turns).

Kinoniko the Skirmisher (Ogre Berserker)            Turns: 2884, Time: 00:02:32

Health: -3/57      AC:  3    Str: 22    XL:     5   Next: 5%
Magic:  5/5        EV: 10    Int:  8    God:    Trog [**....]
Gold:   52         SH:  0    Dex:  8    Spells: 4/4 levels left

rFire    . . .     SeeInvis .   g - +0 war axe
rCold    . . .     Faith    .   (no shield)
rNeg     . . .     Spirit   .   b - +0 animal skin
rPois    .         Reflect  .   (helmet restricted)
rElec    .         Harm     .   (no cloak)
rCorr    .         Rampage  .   (gloves unavailable)
Will     .....                  (boots unavailable)
Stlth    +.........             (no amulet)
HPRegen  0.19/turn              (no ring)
MPRegen  0.09/turn              (no ring)

@: on berserk cooldown, very slightly contaminated, invisible
A: large, unfitting armour, tough skin 1
a: Renounce Religion, Berserk, Trog's Hand


You were on level 3 of the Dungeon.
You worshipped Trog.
Trog was pleased with you.
You visited 1 branch of the dungeon, and saw 3 of its levels.

You collected 52 gold pieces.

Inventory:

Hand Weapons
 g - a +0 war axe (weapon)
Missiles
 e - 7 curare-tipped darts
Armour
 b - a +0 animal skin (worn)
Scrolls
 d - a scroll of enchant weapon {unknown}
 f - 2 scrolls of amnesia {unknown}


   Skills:
 + Level 5.3 Fighting
 * Level 4.9 Axes
 - Level 2.6 Dodging


You had 4 spell levels left.
You didn't know any spells.
Your spell library was empty.

Dungeon Overview and Level Annotations

Branches:
Dungeon (3/15)

Altars:

Shops:
D:1 *


Innate Abilities, Weirdness & Mutations

You are too large for most types of armour.
You have tough skin. (AC +1)


Message History

Robin is almost dead.
You catch the helpless goblin completely off-guard!
You hit the goblin. The goblin barely misses you.
The goblin shoots a stone.
The stone hits Robin but does no damage.
Robin throws the goblin out of sight!
The goblin barely misses you. The goblin hits you with a +0 dagger.
* * * LOW HITPOINT WARNING * * *
Unknown command.
Unknown command.
You hit Robin but do no damage.
Robin is almost dead.
You strike the helpless goblin from behind!
You slash the goblin!
You kill the goblin!
Trog accepts your kill.
You hit the goblin.
You kill the goblin!
Trog accepts your kill.
The goblin no longer looks unusually strong.
The goblin shoots a stone.
The stone hits Robin but does no damage.
Robin roars a battlecry!
The goblin goes into a battle-frenzy!
The goblin shoots a stone.
The stone hits Robin.
Unknown command.
You slash Robin!
You kill Robin!
Trog accepts your kill.
The goblin shoots a stone.
You have reached level 5!
Okay, then.
Items here: ( ))) [[ ††.
You barely miss the goblin.
The goblin unwields a +0 hunting sling.
The goblin wields a +0 dagger.
The goblin hits you with a +0 dagger.
* * * LOW HITPOINT WARNING * * *
Unknown command.
You completely miss the goblin. The goblin barely misses you.
Unknown command.
You closely miss the goblin. The goblin hits you with a +0 dagger.
You die...

#.# ######.######
#...#.......#
#.#.#.......#
#.#.#.......#
#.#.#.......#
#)).........#
#)#.........#
#@#..#.######
#....g#..#.#
#.....#.<#.###########
#...$.#.##.#..........
#.....#..#.#.#########
#####.##.#.#.######...
###.##.#.#..........
.....................
.....................


You could see a goblin (strong).

Vanquished Creatures
  Robin (D:3)
  2 adders
  A worm (D:2)
  4 orcs (D:2)
  10 endoplasms
  A giant cockroach (D:2)
  16 goblins
  8 hobgoblins
  4 jackals (D:3)
  2 quokkas (D:1)
  6 ball pythons
  5 bats
  5 frilled lizards
  9 kobolds
  4 rats (D:1)
78 creatures vanquished.

Vanquished Creatures (others)
  2 withered plants (D:2)
2 creatures vanquished.

Grand Total: 80 creatures vanquished

Notes
Turn   | Place    | Note
-------+----------+-------------------------------------------
     0 | D:1      | Kinoniko the Ogre Berserker began the quest for the Orb.
     0 | D:1      | Reached XP level 1. HP: 24/24 MP: 1/1
   238 | D:1      | Reached XP level 2. HP: 30/32 MP: 2/2
   623 | D:1      | Found Lemoomn's General Store.
   670 | D:1      | Reached XP level 3. HP: 40/40 MP: 3/3
   747 | D:1      | Reached ** piety under Trog
  1288 | D:2      | Found a faded altar of an unknown god.
  1784 | D:2      | Reached XP level 4. HP: 49/49 MP: 4/4
  2368 | D:3      | Reached skill level 5 in Fighting
  2854 | D:3      | Noticed Robin
  2878 | D:3      | HP: 1/50 [goblin/+0 dagger[Robin] (3)]
  2880 | D:3      | Killed Robin
  2881 | D:3      | Reached XP level 5. HP: 2/57 MP: 5/5
  2884 | D:3      | Slain by a goblin

Illustrated notes

Levels and vault maps discovered:
D:1:      nzn_arrival_settlement, layout_basic, serial_shops, shop,
          minmay_pentomino_q2
D:2:      layout_loops_cross, ebering_ecumenical_altar_petrified,
          palyth_stone_intersect, minmay_misc_feat_hallway, st_stairs_10
D:3:      layout_basic, lemuel_round_altar, fedhas_altar_fruit_tree,
          ebering_ghost_inner_flame, uniq_robin

Skill      XL: |  1  2  3  4 |
---------------+-------------+-----
Axes           | 4 |  4.9
Fighting       | 5 |  5.3
Dodging        | |  2.6

Action                   |  1- 3 |  4- 6 || total
-------------------------+-------+-------++-------
Melee: Hand axe          |    97 |       ||    97
       War axe           |    28 |    85 ||   113
Invok: Berserk           |     5 |     3 ||     8
  Use: Potion            |       |     3 ||     3
 Stab: Invisible         |       |     3 ||     3
       Sleeping          |       |     1 ||     1
Armor: Animal skin       |    42 |    25 ||    67
Dodge: Dodged            |    68 |    52 ||   120

Table legend: (Time is in decaauts)
 A = Elapsed time spent in this place.
 B = Non-inter-level travel time spent in this place.
 C = Inter-level travel time spent in this place.
 D = Time resting spent in this place.
 E = Time spent auto-exploring this place.
 F = Levels seen in this place.
 G = Mean time per level.
                   A        B        C        D        E       F      G
               +--------+--------+--------+--------+--------+-----+--------+
         Total |   2972 |   2871 |    101 |    765 |   1727 |   3 |  990.7 |
       Dungeon |   2972 |   2871 |    101 |    765 |   1727 |   3 |  990.7 |
               +--------+--------+--------+--------+--------+-----+--------+

Top non-repeatable levels by time:
     D:1: 1311 daAuts
     D:2: 1098 daAuts
     D:3: 561 daAuts
